General information
	        
			
        
        - name: BNet
 
        - type: Ladder 1vs1/FFA
 
        - host: Battle.net
 
        - saver: isolee
 
        
map: SecretValley 
        - players: 2
 
        - length: 10:46
 
        - speed: Fast
 - version: 1.22 W3XP
 - replay type:  Public
 
» download(35 KB)
Players
        team 1 (loser) 
              
              
» 
Stency (
orange | 80 APM | 859 actions | 10:45)
              
 3 Dark Ranger 
 2 Black Arrow
 1 Life Drain
 
                » actions 
                
                | Assign group hotkey | 20 |  | 
| Basic commands | 21 |  | 
| Build / train | 29 |  | 
| Enter build submenu | 15 |  | 
| Enter hero's abilities submenu | 3 |  | 
| Right click | 324 |  | 
| Select / deselect | 154 |  | 
| Select group hotkey | 269 |  | 
| Use ability | 24 |  | 
                859 total
 » units 
                » upgrades
                » buildings
                
                | Barracks | 2 |  | 
| Orc Burrow | 4 |  | 
| Altar of Storms | 1 |  | 
| Voodoo Lounge | 4 |  | 
| War Mill | 2 |  | 
                13 total
 » build order
                00:08 Barracks
00:19 Orc Burrow
00:43 Altar of Storms
01:15 Voodoo Lounge
01:42 Voodoo Lounge
02:29 Orc Burrow
02:39 Voodoo Lounge
03:05 Orc Burrow
03:05 Orc Burrow
03:33 Barracks
06:27 War Mill
07:14 Voodoo Lounge
09:27 War Mill
» items
                
                | Healing Salve | 1 |  | 
| Lesser Clarity Potion | 1 |  | 
                2 total
  
               team 2 (winner) 
              
              
isolee (
purple | 104 APM | 1125 actions | 10:46)
              
 4 Archmage 
 2 Summon Water Elemental
 2 Brilliance Aura
 2 Naga Sea Witch 
 1 Frost Arrows
 1 Mana Shield
 
                » actions 
                
                | Assign group hotkey | 128 |  | 
| Basic commands | 70 |  | 
| Build / train | 43 |  | 
| Enter build submenu | 14 |  | 
| Enter hero's abilities submenu | 6 |  | 
| Give item / drop item | 1 |  | 
| Right click | 318 |  | 
| Select / deselect | 149 |  | 
| Select group hotkey | 327 |  | 
| Use ability | 69 |  | 
                1125 total
 » units 
                
                | Peasant | 9 |  | 
| Footman | 7 |  | 
| Sorceress | 4 |  | 
| Spell Breaker | 1 |  | 
| Priest | 2 |  | 
                23 total
 » buildings
                
                | Altar of Kings | 1 |  | 
| Farm | 7 |  | 
| Barracks | 1 |  | 
| Scout Tower | 1 |  | 
| Arcane Tower | 1 |  | 
| Keep | 1 |  | 
| Arcane Sanctum | 2 |  | 
| Arcane Vault | 1 |  | 
| Blacksmith | 1 |  | 
                16 total
 » build order
                00:04 Altar of Kings
00:15 Farm
00:34 Barracks
00:51 Farm
01:43 Scout Tower
02:57 Arcane Tower
02:59 Keep
03:12 Farm
05:58 Arcane Sanctum
06:20 Arcane Vault
06:34 Farm
06:46 Arcane Sanctum
07:17 Farm
07:20 Farm
09:14 Blacksmith
09:23 Farm
» items
                
                | Scroll of Regeneration | 4 |  | 
| Lesser Clarity Potion | 5 |  | 
                9 total
  
                Chat log
          (00:08 / All) isolee: gghf